[Event "ESTCC 50 2019"]
[Site "Mali Losinj"]
[Date "2019.09.22"]
[Round "5.16"]
[White "Tirkajla, Boris"]
[Black "Salter, David"]
[Result "1-0"]
[ECO "A02"]
[WhiteElo "2060"]
[BlackElo "1882"]
[Annotator "NA"]
[PlyCount "73"]
[EventDate "2019.09.18"]
[EventType "team-tourn"]
[EventCountry "CRO"]
[SourceTitle "playchess.com"]
[Source "ChessBase"]
[SourceQuality "1"]
[WhiteTeam "Croatia"]
[BlackTeam "Ireland"]
[WhiteTeamCountry "CRO"]
[BlackTeamCountry "IRL"]
[TimeControl "40/5400+30:1800+30"]

1. f4 f5 2. b3 Nf6 3. Nf3 e6 4. Bb2 Be7 5. g3 O-O 6. Bg2 d6 7. O-O Nc6 8. e3 Bd7 9. Qe2 Qe8 10. Nc3 e5 11. fxe5 dxe5 12. Nb5 Bd8 13. Ba3 Ne7 14. Nc3 e4 15. Nd4 Rf7 16. Bxe7 Qxe7 17. Nxf5 Qe5 18. Bh3 c6 19. Qg2 Ba5 20. Nd4 c5 21. Nde2 Rd8 22. Rad1 g5 23. Bxd7 Rfxd7 24. Rxf6 Qxf6 25. Nxe4 Qe5 26. d3 Rf7 27. g4 b5 28. N2g3 Rg7 29. Rf1 Rf8 30. Nf5 Rg6 31. Qf3 Kh8 32. Neg3 Bc7 33. Rf2 Ra6 34. d4 cxd4 35. exd4 Qe8 36. d5 Bb6 37. Qc3+ 1-0

[Event "ESTCC 50 2019"]
[Site "Mali Losinj"]
[Date "2019.09.22"]
[Round "5.18"]
[White "Lewis, Andrew P"]
[Black "Mashayekh, Majid"]
[Result "1-0"]
[ECO "D36"]
[WhiteElo "2294"]
[BlackElo "1875"]
[Annotator "NA"]
[PlyCount "79"]
[EventDate "2019.09.18"]
[EventType "team-tourn"]
[EventCountry "CRO"]
[SourceTitle "playchess.com"]
[Source "ChessBase"]
[SourceQuality "1"]
[WhiteTeam "England"]
[BlackTeam "England"]
[WhiteTeamCountry "ENG"]
[BlackTeamCountry "ENG"]
[TimeControl "40/5400+30:1800+30"]

1. d4 Nf6 2. c4 e6 3. Nc3 d5 4. cxd5 exd5 5. Bg5 Be7 6. e3 c6 7. Qc2 Nbd7 8. Bd3 O-O 9. Nge2 Re8 10. O-O Nf8 11. Rae1 Nh5 12. Bxe7 Qxe7 13. Qd2 Nf6 14. Ng3 Be6 15. a3 Rad8 16. h3 a6 17. b4 a5 18. Qb2 axb4 19. axb4 Ra8 20. Ra1 b5 21. Nce2 g5 22. Rfc1 Qd7 23. Qc2 Rxa1 24. Rxa1 Rc8 25. Nc1 Qd6 26. Qc3 Ng6 27. Nb3 Ne7 28. Ra7 Re8 29. Nc5 Bc8 30. Qd2 h6 31. Qd1 Qb8 32. Qa1 Kf8 33. Qa5 Qd6 34. Qb6 Nd7 35. Qc7 Qxc7 36. Rxc7 Nb6 37. Nh5 Bf5 38. Bxf5 Nxf5 39. Rxc6 Rb8 40. Rxb6 1-0

[Event "ESTCC 50 2019"]
[Site "Mali Losinj"]
[Date "2019.09.22"]
[Round "5.19"]
[White "Wood, Peter R"]
[Black "Ledger, Dave J"]
[Result "0-1"]
[ECO "C27"]
[WhiteElo "1884"]
[BlackElo "2134"]
[Annotator "NA"]
[PlyCount "60"]
[EventDate "2019.09.18"]
[EventType "team-tourn"]
[EventCountry "CRO"]
[SourceTitle "playchess.com"]
[Source "ChessBase"]
[SourceQuality "1"]
[WhiteTeam "ENG"]
[BlackTeam "ENG"]
[WhiteTeamCountry "ENG"]
[BlackTeamCountry "ENG"]
[TimeControl "40/5400+30:1800+30"]

1. e4 e5 2. Bc4 Nf6 3. Nc3 Nxe4 4. Qh5 Nd6 5. Qxe5+ Qe7 6. Qxe7+ Bxe7 7. Bb3 Nf5 8. Nf3 c6 9. O-O d5 10. Ne2 O-O 11. d4 Na6 12. Bf4 Bd6 13. Rfe1 Nc7 14. c3 Re8 15. Bxd6 Nxd6 16. Ng3 f6 17. Rxe8+ Ncxe8 18. Re1 Kf7 19. Nd2 Nc7 20. Nge4 Nde8 21. Nc5 b6 22. Nd3 Ne6 23. f3 Nd6 24. Kf2 Ba6 25. Nb4 Bb7 26. a4 a5 27. Nc2 Nf4 28. Ne4 Nxe4+ 29. Rxe4 Nd3+ 30. Kg3 Nc1 0-1

[Event "ESTCC 50 2019"]
[Site "Mali Losinj"]
[Date "2019.09.22"]
[Round "5.20"]
[White "Ledger, Stephen C"]
[Black "Denning, Julie L"]
[Result "1-0"]
[ECO "A45"]
[WhiteElo "2000"]
[BlackElo "1629"]
[Annotator "NA"]
[PlyCount "77"]
[EventDate "2019.09.18"]
[EventType "team-tourn"]
[EventCountry "CRO"]
[SourceTitle "playchess.com"]
[Source "ChessBase"]
[SourceQuality "1"]
[WhiteTeam "England"]
[BlackTeam "England"]
[WhiteTeamCountry "ENG"]
[BlackTeamCountry "ENG"]
[TimeControl "40/5400+30:1800+30"]

1. d4 Nf6 2. Bg5 Ne4 3. Bf4 d6 4. e3 c6 5. Bd3 Qa5+ 6. c3 Nf6 7. Nd2 Nbd7 8. Ngf3 h6 9. O-O e6 10. h3 b5 11. a4 Qb6 12. axb5 cxb5 13. Qb3 a6 14. Bxb5 Rb8 15. Ba4 Qc7 16. Qc2 Be7 17. e4 O-O 18. Bb3 Bb7 19. Rfe1 Nh5 20. Bh2 Rfd8 21. e5 g6 22. Nc4 Bxf3 23. exd6 Bxd6 24. Bxd6 Qb7 25. Na5 Qa8 26. gxf3 Rxb3 27. Nxb3 Ndf6 28. Be5 Nh7 29. Qe4 Qc8 30. h4 f5 31. Qe2 Qb7 32. Nc5 Qe7 33. Bg3 f4 34. Qxe6+ Qxe6 35. Nxe6 fxg3 36. Nxd8 gxf2+ 37. Kxf2 Nf4 38. Re8+ Kg7 39. Ne6+ 1-0

[Event "ESTCC 50 2019"]
[Site "Mali Losinj"]
[Date "2019.09.22"]
[Round "5.21"]
[White "Olsen, Oystein Leif"]
[Black "Burchardt, Brigitte"]
[Result "0-1"]
[ECO "A07"]
[WhiteElo "1974"]
[BlackElo "2092"]
[Annotator "NA"]
[PlyCount "86"]
[EventDate "2019.09.18"]
[EventType "team-tourn"]
[EventCountry "CRO"]
[SourceTitle "playchess.com"]
[Source "ChessBase"]
[SourceQuality "1"]
[WhiteTeam "Norway"]
[BlackTeam "Germany"]
[WhiteTeamCountry "NOR"]
[BlackTeamCountry "GER"]
[TimeControl "40/5400+30:1800+30"]

1. Nf3 d5 2. g3 Nf6 3. Bg2 c6 4. O-O h6 5. d3 Bf5 6. Nbd2 Bh7 7. Qe1 Nbd7 8. e4 dxe4 9. dxe4 e5 10. Qe2 Qc7 11. a4 Be7 12. a5 O-O 13. Nh4 Rfe8 14. Bh3 Bb4 15. Bf5 Bxa5 16. Nc4 Bb4 17. Bxh7+ Kxh7 18. Nf5 b5 19. Nce3 Bf8 20. Ng4 Ng8 21. f4 g6 22. Nh4 Bd6 23. f5 Rf8 24. Qd2 Bc5+ 25. Kh1 Qd6 26. Qg2 Ndf6 27. Nxf6+ Nxf6 28. Bxh6 Kxh6 29. Rad1 Qe7 30. Qd2+ g5 31. Qg2 Kg7 32. Nf3 Nxe4 33. Rde1 Nf2+ 34. Rxf2 Bxf2 35. Qxf2 f6 36. h4 Qd7 37. g4 gxh4 38. Nxh4 Rh8 39. Kg2 Qd5+ 40. Kg3 Rhd8 41. Ng6 Qd4 42. g5 Qxf2+ 43. Kxf2 Rd2+ 0-1

[Event "ESTCC 50 2019"]
[Site "Mali Losinj"]
[Date "2019.09.22"]
[Round "5.22"]
[White "Wagner-Michel, Annett"]
[Black "Andersen, Per O"]
[Result "1-0"]
[ECO "B41"]
[WhiteElo "2055"]
[BlackElo "1971"]
[Annotator "NA"]
[PlyCount "79"]
[EventDate "2019.09.18"]
[EventType "team-tourn"]
[EventCountry "CRO"]
[SourceTitle "playchess.com"]
[Source "ChessBase"]
[SourceQuality "1"]
[WhiteTeam "Germany"]
[BlackTeam "Norway"]
[WhiteTeamCountry "GER"]
[BlackTeamCountry "NOR"]
[TimeControl "40/5400+30:1800+30"]

1. e4 c5 2. Nf3 e6 3. d4 cxd4 4. Nxd4 a6 5. c4 g6 6. Nc3 Bg7 7. Be3 Ne7 8. Qd2 d5 9. Nf3 dxe4 10. Qxd8+ Kxd8 11. O-O-O+ Ke8 12. Nxe4 Nbc6 13. Nd6+ Kf8 14. Ng5 h6 15. Ngxf7 Rh7 16. Nxc8 Nxc8 17. Nd8 Nxd8 18. Rxd8+ Ke7 19. Rd2 Be5 20. Be2 Kf6 21. Rhd1 b5 22. f4 Bc7 23. Rd7 Rxd7 24. Rxd7 Bb6 25. c5 Ba5 26. g4 Ne7 27. Bd4+ Kf7 28. Be5 Ke8 29. Rb7 Bb4 30. Bd6 Nc8 31. Rh7 Ra7 32. Rh8+ Kd7 33. Rxh6 Ke8 34. Rh8+ Kd7 35. Bd3 g5 36. a3 Ba5 37. Rh7+ Ke8 38. Bg6+ Kd8 39. Rh8+ Kd7 40. Be8+ 1-0

[Event "ESTCC 50 2019"]
[Site "Mali Losinj"]
[Date "2019.09.22"]
[Round "5.23"]
[White "Ortoft, Kai"]
[Black "Kierzek, Mira"]
[Result "1/2-1/2"]
[ECO "D02"]
[WhiteElo "1957"]
[BlackElo "2015"]
[Annotator "NA"]
[PlyCount "58"]
[EventDate "2019.09.18"]
[EventType "team-tourn"]
[EventCountry "CRO"]
[SourceTitle "playchess.com"]
[Source "ChessBase"]
[SourceQuality "1"]
[WhiteTeam "Norway"]
[BlackTeam "Germany"]
[WhiteTeamCountry "NOR"]
[BlackTeamCountry "GER"]
[TimeControl "40/5400+30:1800+30"]

1. d4 Nf6 2. Nf3 e6 3. g3 d5 4. Bg2 c5 5. O-O Nc6 6. b3 Be7 7. Bb2 O-O 8. Nbd2 b6 9. dxc5 Bxc5 10. c4 Bb7 11. cxd5 exd5 12. a3 a5 13. Ne1 Bd4 14. Bxd4 Nxd4 15. Nb1 Nb5 16. a4 Nd6 17. Nc3 Nde4 18. Rc1 Rc8 19. Qd4 Re8 20. e3 h6 21. Nf3 Nxc3 22. Rxc3 Rxc3 23. Qxc3 Ne4 24. Qb2 Qe7 25. Rc1 Nc5 26. Rd1 Ne4 27. Rc1 Nc5 28. Rd1 Ne4 29. Rc1 Nc5 1/2-1/2

[Event "ESTCC 50 2019"]
[Site "Mali Losinj"]
[Date "2019.09.22"]
[Round "5.24"]
[White "Leib, Britta"]
[Black "Jenssen, Ove S"]
[Result "1-0"]
[ECO "D12"]
[WhiteElo "1883"]
[BlackElo "1827"]
[Annotator "NA"]
[PlyCount "85"]
[EventDate "2019.09.18"]
[EventType "team-tourn"]
[EventCountry "CRO"]
[SourceTitle "playchess.com"]
[Source "ChessBase"]
[SourceQuality "1"]
[WhiteTeam "Germany"]
[BlackTeam "Norway"]
[WhiteTeamCountry "GER"]
[BlackTeamCountry "NOR"]
[TimeControl "40/5400+30:1800+30"]

1. d4 d5 2. Nf3 Nf6 3. e3 Bf5 4. c4 e6 5. Nc3 c6 6. Be2 Bd6 7. O-O h6 8. b3 Nbd7 9. Bb2 Rc8 10. h3 Bb8 11. Re1 Qc7 12. Rc1 a6 13. a4 g5 14. Bf1 g4 15. hxg4 Bxg4 16. g3 Ne4 17. Qe2 Rg8 18. Bg2 Nxg3 19. fxg3 Qxg3 20. Rf1 Bh5 21. cxd5 Qh3 22. dxe6 fxe6 23. e4 Bf4 24. Rc2 Ke7 25. Bc1 Bh2+ 26. Kh1 Qg3 27. Qf2 Qxf2 28. Rfxf2 Bg3 29. Rf1 Rcf8 30. Nh2 Rxf1+ 31. Nxf1 Bh4 32. Nh2 Rg3 33. Bxh6 Rd3 34. d5 Be1 35. Ne2 cxd5 36. exd5 e5 37. d6+ Kxd6 38. Bxb7 Nc5 39. Bf8+ Kc7 40. Be4 Re3 41. Rxc5+ Kb6 42. Rxe5 Bxe2 43. Bc5+ 1-0

[Event "ESTCC 50 2019"]
[Site "Mali Losinj"]
[Date "2019.09.23"]
[Round "6.2"]
[White "Dusper, Hrvoje"]
[Black "Zelcic, Robert"]
[Result "1/2-1/2"]
[ECO "A22"]
[WhiteElo "2221"]
[BlackElo "2503"]
[Annotator "ChessBase"]
[PlyCount "117"]
[EventDate "2019.09.18"]
[EventType "team-tourn"]
[EventCountry "CRO"]
[SourceTitle "playchess.com"]
[Source "ChessBase"]
[SourceQuality "1"]
[WhiteTeam "Croatia"]
[BlackTeam "Croatia"]
[WhiteTeamCountry "CRO"]
[BlackTeamCountry "CRO"]
[TimeControl "40/5400+30:1800+30"]

1. c4 e5 2. Nc3 Nf6 3. g3 d5 4. cxd5 Nxd5 5. Bg2 Ne7 6. e3 Nbc6 7. Nge2 g6 8. O-O Bg7 9. f4 O-O 10. fxe5 Nxe5 11. d4 Nc4 12. b3 Nd6 13. e4 Bg4 14. e5 Ndf5 15. Bxb7 c5 16. Rf4 Bxe2 17. Nxe2 Rb8 18. Be4 Nxd4 19. Bb2 Bxe5 20. Rf2 Rb4 21. Nxd4 Bxd4 22. Bxd4 Rxd4 23. Qc2 Qd6 24. Bf3 h5 25. Rc1 Rc8 26. Be2 h4 27. Bc4 Rf8 28. gxh4 Rg4+ 29. Rg2 Qd4+ 30. Qf2 Qxf2+ 31. Kxf2 Rd4 32. h5 Rd2+ 33. Kg1 Rxg2+ 34. Kxg2 gxh5 35. Be2 Rd8 36. Rxc5 Rd2 37. Kf1 Rxa2 38. Rxh5 Kg7 39. Rc5 f5 40. h4 Kf6 41. h5 Kg5 42. Rc7 Nd5 43. Rg7+ Kf4 44. h6 Ra1+ 45. Kg2 Ra2 46. Kf2 Nc3 47. h7 Rxe2+ 48. Kg1 Re1+ 49. Kh2 Re2+ 50. Rg2 Re8 51. Rg8 Re2+ 52. Kg1 Re1+ 53. Kg2 Re2+ 54. Kf1 Rh2 55. h8=Q Rxh8 56. Rxh8 Ke3 57. Ke1 Kd3 58. Rh3+ Kc2 59. Rf3 1/2-1/2

[Event "ESTCC 50 2019"]
[Site "Mali Losinj"]
[Date "2019.09.23"]
[Round "6.5"]
[White "Blatny, Pavel"]
[Black "Burmakin, Vladimir"]
[Result "0-1"]
[ECO "A03"]
[WhiteElo "2325"]
[BlackElo "2496"]
[Annotator "RC"]
[PlyCount "86"]
[EventDate "2019.09.18"]
[EventType "team-tourn"]
[EventCountry "CRO"]
[SourceTitle "playchess.com"]
[Source "ChessBase"]
[SourceQuality "1"]
[WhiteTeam "Czech Republic"]
[BlackTeam "Russia"]
[WhiteTeamCountry "CZE"]
[BlackTeamCountry "RUS"]
[TimeControl "40/5400+30:1800+30"]

1. e3 d5 2. f4 Nf6 3. b3 Bf5 4. Bb2 e6 5. Nf3 Be7 6. Be2 h6 7. Ne5 Nbd7 8. Nxd7 Nxd7 9. O-O Bf6 10. d4 c5 11. c3 O-O 12. Nd2 Rc8 13. Rf2 cxd4 14. exd4 Be7 15. Nf1 Nf6 16. Ng3 Ne4 17. Nxf5 exf5 18. Rf3 Qa5 19. Bf1 Rc7 20. b4 Qb6 21. Rc1 Rfc8 22. a3 a5 23. b5 Nd6 24. a4 Nc4 25. Bxc4 Rxc4 26. Qb3 Qe6 27. Rcf1 Bd6 28. Bc1 Re8 29. Re3 Qc8 30. Rxe8+ Qxe8 31. Kf2 Qe7 32. g3 g5 33. Re1 Qf6 34. fxg5 hxg5 35. Re8+ Kg7 36. Bd2 f4 37. Kg2 f3+ 38. Kf2 Qf5 39. Qd1 g4 40. h4 Rxa4 41. Qe1 Ra2 42. Qe3 Qf6 43. h5 Bf4 0-1

[Event "ESTCC 50 2019"]
[Site "Mali Losinj"]
[Date "2019.09.23"]
[Round "6.6"]
[White "Gleizerov, Evgeny"]
[Black "Vokac, Marek"]
[Result "1-0"]
[ECO "E97"]
[WhiteElo "2503"]
[BlackElo "2332"]
[Annotator "ChessBase"]
[PlyCount "107"]
[EventDate "2019.09.18"]
[EventType "team-tourn"]
[EventCountry "CRO"]
[SourceTitle "playchess.com"]
[Source "ChessBase"]
[SourceQuality "1"]
[WhiteTeam "Russia"]
[BlackTeam "Czech Republic"]
[WhiteTeamCountry "RUS"]
[BlackTeamCountry "CZE"]
[TimeControl "40/5400+30:1800+30"]

1. d4 g6 2. c4 Bg7 3. Nf3 d6 4. Nc3 Nf6 5. e4 O-O 6. Be2 e5 7. O-O Nc6 8. d5 Ne7 9. Nd2 Ne8 10. b4 f5 11. c5 Nf6 12. f3 f4 13. Nc4 g5 14. a4 Ng6 15. cxd6 cxd6 16. Nb5 Ne8 17. Bd2 Rf7 18. Be1 Bd7 19. Bf2 Qb8 20. g4 Bf6 21. Kh1 Bd8 22. Rg1 Rg7 23. h3 Nh8 24. Rg2 Nf7 25. Qg1 a6 26. Nc3 Nf6 27. a5 h5 28. Na4 hxg4 29. hxg4 Bb5 30. Qf1 Rh7+ 31. Rh2 Rxh2+ 32. Kxh2 Bxc4 33. Bxc4 Qc8 34. Be2 Qd7 35. Nb2 Rc8 36. Rc1 Rxc1 37. Qxc1 Nh6 38. Kg2 Nhxg4 39. fxg4 Nxg4 40. Qh1 Nf6 41. Qh6 g4 42. Qg6+ Kf8 43. Bd3 Ne8 44. Nc4 g3 45. Bb6 Bxb6 46. axb6 Qa4 47. Nxd6 Qa2+ 48. Kf3 Qf2+ 49. Kg4 Nxd6 50. Qxd6+ Kg8 51. Qb8+ Kh7 52. Qxb7+ Kh6 53. Qc6+ Kh7 54. Qd7+ 1-0

[Event "ESTCC 50 2019"]
[Site "Mali Losinj"]
[Date "2019.09.23"]
[Round "6.7"]
[White "Konopka, Michal"]
[Black "Shcherbakov, Ruslan"]
[Result "0-1"]
[ECO "A15"]
[WhiteElo "2351"]
[BlackElo "2516"]
[Annotator "ChessBase"]
[PlyCount "110"]
[EventDate "2019.09.18"]
[EventType "team-tourn"]
[EventCountry "CRO"]
[SourceTitle "playchess.com"]
[Source "ChessBase"]
[SourceQuality "1"]
[WhiteTeam "Czech Republic"]
[BlackTeam "Russia"]
[WhiteTeamCountry "CZE"]
[BlackTeamCountry "RUS"]
[TimeControl "40/5400+30:1800+30"]

1. Nf3 Nf6 2. c4 b6 3. g3 Bb7 4. Bg2 g6 5. b3 Bg7 6. Bb2 O-O 7. O-O e6 8. Nc3 d5 9. cxd5 exd5 10. d4 Nbd7 11. Ne5 Re8 12. Nxd7 Qxd7 13. Qc2 Rac8 14. Rfd1 h5 15. Qd3 Ne4 16. e3 h4 17. Qf1 hxg3 18. hxg3 Ng5 19. Rac1 Rcd8 20. Rd2 c5 21. Ne2 c4 22. Nf4 b5 23. bxc4 dxc4 24. d5 Ne4 25. Bxe4 Bxb2 26. Rxb2 Rxe4 27. Rd2 Qf5 28. Qe2 Qe5 29. Rcd1 Rd6 30. Rd4 Rxd4 31. Rxd4 g5 32. Qg4 Kf8 33. Ne2 Rxd5 34. Kf1 b4 35. Ke1 b3 36. axb3 cxb3 37. Rxd5 Bxd5 38. Qb4+ Kg8 39. Nd4 Be6 40. Nxe6 Qxe6 41. Qb5 Kh7 42. Kd2 Qf6 43. Qxb3 Qxf2+ 44. Kd3 Kg6 45. Qb8 Qf5+ 46. e4 Qf3+ 47. Kd4 Qf6+ 48. Kd3 Qf3+ 49. Kd4 Kh5 50. Qc8 Qxg3 51. Qh8+ Kg4 52. Qc8+ Kf3 53. Qb7 Qf4 54. Qe7 Qe3+ 55. Kd5 Qd3+ 0-1

[Event "ESTCC 50 2019"]
[Site "Mali Losinj"]
[Date "2019.09.23"]
[Round "6.8"]
[White "Yakovich, Yuri"]
[Black "Spacek, Petr"]
[Result "1-0"]
[ECO "D35"]
[WhiteElo "2518"]
[BlackElo "2352"]
[Annotator "ChessBase"]
[PlyCount "119"]
[EventDate "2019.09.18"]
[EventType "team-tourn"]
[EventCountry "CRO"]
[SourceTitle "playchess.com"]
[Source "ChessBase"]
[SourceQuality "1"]
[WhiteTeam "Russia"]
[BlackTeam "Czech Republic"]
[WhiteTeamCountry "RUS"]
[BlackTeamCountry "CZE"]
[TimeControl "40/5400+30:1800+30"]

1. d4 d5 2. c4 e6 3. Nc3 Be7 4. cxd5 exd5 5. Bf4 Nf6 6. e3 O-O 7. Bd3 c5 8. Nge2 Nc6 9. O-O cxd4 10. Nxd4 Nxd4 11. exd4 a6 12. Rc1 Be6 13. Na4 Bd6 14. Bxd6 Qxd6 15. Nc5 Bc8 16. Qb3 Qf4 17. Qc3 Ng4 18. g3 Qh6 19. h4 b6 20. Nb3 Bd7 21. Qd2 Qd6 22. Rc3 a5 23. Nc1 Nf6 24. Ne2 Ne4 25. Bxe4 dxe4 26. d5 Rfd8 27. Nf4 h6 28. Qd4 f5 29. Rfc1 Rac8 30. h5 Rxc3 31. Rxc3 Rc8 32. Kg2 Rxc3 33. Qxc3 Kf7 34. Qc4 Qc5 35. Qa6 Qc7 36. a3 Bc8 37. Qb5 Bd7 38. Qb3 Qd6 39. Qc3 Kg8 40. b4 axb4 41. axb4 Kh7 42. Qd4 Bc8 43. Kh2 Bd7 44. Ng6 Kg8 45. Qa1 Be8 46. Qa8 Kf7 47. Qc8 Qxd5 48. Qc7+ Bd7 49. Ne5+ Ke6 50. Nxd7 Qxd7 51. Qxb6+ Kf7 52. Qc5 Kg8 53. b5 Qf7 54. Kg1 Qxh5 55. Qd5+ Kh7 56. b6 e3 57. b7 exf2+ 58. Kxf2 Qe8 59. Qxf5+ g6 60. Qf4 1-0

[Event "ESTCC 50 2019"]
[Site "Mali Losinj"]
[Date "2019.09.23"]
[Round "6.10"]
[White "Mohr, Georg"]
[Black "Wegerer, Fred"]
[Result "1-0"]
[ECO "D11"]
[WhiteElo "2445"]
[BlackElo "2171"]
[Annotator "NA"]
[PlyCount "115"]
[EventDate "2019.09.18"]
[EventType "team-tourn"]
[EventCountry "CRO"]
[SourceTitle "playchess.com"]
[Source "ChessBase"]
[SourceQuality "1"]
[WhiteTeam "Slovenia"]
[BlackTeam "Austria"]
[WhiteTeamCountry "SLO"]
[BlackTeamCountry "AUT"]
[TimeControl "40/5400+30:1800+30"]

1. d4 Nf6 2. g3 d5 3. Bg2 c6 4. Nf3 Bf5 5. O-O h6 6. c4 e6 7. Nc3 Nbd7 8. b3 Bb4 9. Bb2 Ne4 10. Qc1 O-O 11. a3 Be7 12. Re1 Nxc3 13. Bxc3 Be4 14. Bf1 Bg6 15. Nd2 Nf6 16. Bg2 Rc8 17. a4 b6 18. Qb2 Qd7 19. b4 Rfd8 20. Red1 Bd6 21. Qb3 Qe8 22. Qb2 Bb8 23. Rdc1 Qe7 24. a5 b5 25. cxb5 cxb5 26. Nb3 Rc4 27. e3 Ne4 28. Bf1 Qf6 29. Be1 h5 30. Nd2 h4 31. Nxc4 dxc4 32. Bg2 Qf5 33. Qe2 hxg3 34. hxg3 Qg5 35. f4 Qh6 36. g4 f5 37. Bxe4 fxe4 38. Qh2 a6 39. Ra2 Be8 40. Qxh6 gxh6 41. Rh2 Kg7 42. Bc3 Rd5 43. Kf2 Bd6 44. Rch1 h5 45. Kg3 Kh6 46. Rh4 Bg6 47. Kg2 Be7 48. g5+ Kg7 49. Rxh5 Bxh5 50. Rxh5 Bf8 51. Kg3 Kg6 52. Rh8 Kg7 53. Rh6 Kf7 54. Rf6+ Ke7 55. f5 exf5 56. Kf4 Bg7 57. Rxa6 Kf7 58. Rb6 1-0

[Event "ESTCC 50 2019"]
[Site "Mali Losinj"]
[Date "2019.09.23"]
[Round "6.12"]
[White "Plesec, Damjan"]
[Black "Detter, Peter"]
[Result "1/2-1/2"]
[ECO "A06"]
[WhiteElo "2216"]
[BlackElo "1982"]
[Annotator "NA"]
[PlyCount "81"]
[EventDate "2019.09.18"]
[EventType "team-tourn"]
[EventCountry "CRO"]
[SourceTitle "playchess.com"]
[Source "ChessBase"]
[SourceQuality "1"]
[WhiteTeam "Slovenia"]
[BlackTeam "Austria"]
[WhiteTeamCountry "SLO"]
[BlackTeamCountry "AUT"]
[TimeControl "40/5400+30:1800+30"]

1. b3 d5 2. Bb2 Bg4 3. Nf3 Bxf3 4. gxf3 Nd7 5. c4 e6 6. e3 Ngf6 7. Nc3 c6 8. cxd5 exd5 9. Qc2 Bd6 10. Ne2 Qe7 11. Nd4 g6 12. a3 c5 13. Nb5 Be5 14. d4 cxd4 15. Nxd4 O-O 16. Be2 Rac8 17. Qd1 Rfe8 18. Rc1 Rxc1 19. Qxc1 Qc5 20. Qxc5 Nxc5 21. f4 Bb8 22. Bb5 Ncd7 23. O-O a6 24. Be2 Rc8 25. Rd1 Ne4 26. Kf1 Ba7 27. Bd3 Ndc5 28. Bb1 Re8 29. Ba2 Ne6 30. Nf3 d4 31. Nxd4 Bxd4 32. Bxd4 Nxd4 33. Rxd4 Nc3 34. Rd2 Kg7 35. Ke1 Rc8 36. Rc2 Rc6 37. b4 Nxa2 38. Rxa2 Rc1+ 39. Ke2 Rh1 40. b5 Rxh2 41. bxa6 1/2-1/2

[Event "ESTCC 50 2019"]
[Site "Mali Losinj"]
[Date "2019.09.23"]
[Round "6.13"]
[White "Ledger, Andrew J"]
[Black "Wallace, Paul"]
[Result "1-0"]
[ECO "E81"]
[WhiteElo "2343"]
[BlackElo "2153"]
[Annotator "NA"]
[PlyCount "61"]
[EventDate "2019.09.18"]
[EventType "team-tourn"]
[EventCountry "CRO"]
[SourceTitle "playchess.com"]
[Source "ChessBase"]
[SourceQuality "1"]
[WhiteTeam "England"]
[BlackTeam "Ireland"]
[WhiteTeamCountry "ENG"]
[BlackTeamCountry "AUS"]
[TimeControl "40/5400+30:1800+30"]

1. d4 Nf6 2. c4 g6 3. Nc3 Bg7 4. e4 d6 5. f3 O-O 6. Bg5 c5 7. d5 a6 8. a4 Nbd7 9. Nh3 Re8 10. Be2 h6 11. Be3 Ne5 12. Nf2 e6 13. Qd2 exd5 14. cxd5 h5 15. h3 Qe7 16. O-O Nh7 17. f4 Nd7 18. Rae1 Rb8 19. Bd3 Qf8 20. e5 dxe5 21. f5 gxf5 22. Bxf5 Nhf6 23. Nfe4 b5 24. Qe2 bxa4 25. Bxd7 Nxd7 26. Qxh5 Qe7 27. Ng5 Nf6 28. Rxf6 Bxf6 29. Qh7+ Kf8 30. Nce4 Rb5 31. d6 1-0

[Event "ESTCC 50 2019"]
[Site "Mali Losinj"]
[Date "2019.09.23"]
[Round "6.14"]
[White "Fox, Anthony"]
[Black "Lewis, Andrew P"]
[Result "1/2-1/2"]
[ECO "B23"]
[WhiteElo "2023"]
[BlackElo "2294"]
[Annotator "NA"]
[PlyCount "96"]
[EventDate "2019.09.18"]
[EventType "team-tourn"]
[EventCountry "CRO"]
[SourceTitle "playchess.com"]
[Source "ChessBase"]
[SourceQuality "1"]
[WhiteTeam "Ireland"]
[BlackTeam "England"]
[WhiteTeamCountry "IRL"]
[BlackTeamCountry "ENG"]
[TimeControl "40/5400+30:1800+30"]

1. e4 c5 2. Nc3 a6 3. a4 Nc6 4. g3 g6 5. Bg2 Bg7 6. d3 d6 7. Be3 e6 8. Nge2 Nd4 9. O-O Ne7 10. Qd2 O-O 11. Nd1 b6 12. Nc1 d5 13. c3 Ndc6 14. exd5 Nxd5 15. Bh6 Bxh6 16. Qxh6 Ra7 17. Ne3 Nce7 18. Nxd5 Nxd5 19. Nb3 a5 20. d4 Ba6 21. Rfe1 Rc7 22. dxc5 bxc5 23. Rad1 Qb8 24. Nd2 Nf6 25. Qf4 Kg7 26. Ne4 Nxe4 27. Bxe4 Ra7 28. Qe3 Rc8 29. h4 h5 30. Rd2 Qb3 31. Bf3 Qxa4 32. Red1 Qe8 33. Bxh5 Qe7 34. Bf3 Qf6 35. Kg2 Bb7 36. Rd7 Bxf3+ 37. Qxf3 Rxd7 38. Rxd7 Qxf3+ 39. Kxf3 Rb8 40. Ra7 Rb5 41. Ke3 c4 42. Rc7 Rxb2 43. Rxc4 Ra2 44. Rc7 a4 45. Ra7 a3 46. c4 Ra1 47. c5 a2 48. Kf3 Rc1 1/2-1/2

[Event "ESTCC 50 2019"]
[Site "Mali Losinj"]
[Date "2019.09.23"]
[Round "6.15"]
[White "Ledger, Dave J"]
[Black "Cafolla, Peter"]
[Result "1-0"]
[ECO "B33"]
[WhiteElo "2134"]
[BlackElo "1919"]
[Annotator "NA"]
[PlyCount "111"]
[EventDate "2019.09.18"]
[EventType "team-tourn"]
[EventCountry "CRO"]
[SourceTitle "playchess.com"]
[Source "ChessBase"]
[SourceQuality "1"]
[WhiteTeam "England"]
[BlackTeam "Ireland"]
[WhiteTeamCountry "ENG"]
[BlackTeamCountry "IRL"]
[TimeControl "40/5400+30:1800+30"]

1. e4 c5 2. Nf3 Nc6 3. d4 cxd4 4. Nxd4 Nf6 5. Nc3 e5 6. Ndb5 d6 7. Nd5 Nxd5 8. exd5 Nb8 9. a4 a6 10. Na3 Be7 11. Nc4 b6 12. Be2 O-O 13. O-O Nd7 14. f4 f5 15. Be3 Rb8 16. b4 Kh8 17. Qd2 Qc7 18. Rad1 Bf6 19. fxe5 Nxe5 20. Nxe5 Bxe5 21. c4 a5 22. Rb1 Bd7 23. g3 Qd8 24. c5 dxc5 25. bxc5 bxc5 26. Bxc5 Re8 27. Bh5 g6 28. Bf3 Bxa4 29. Bd4 Qf6 30. Bxe5 Qxe5 31. Rxb8 Rxb8 32. Re1 Qb2 33. Qxa5 Qb6+ 34. Qxb6 Rxb6 35. Re7 Rd6 36. Rb7 Bc2 37. Kf2 h5 38. Ke3 g5 39. Kd4 Kg8 40. Ke5 Rd8 41. Rc7 Re8+ 42. Kf6 Be4 43. Bxh5 Rf8+ 44. Bf7+ Kh8 45. Kxg5 f4 46. gxf4 Bxd5 47. Bg6 Bg8 48. f5 Ra8 49. h4 Rb8 50. f6 Bd5 51. Rh7+ Kg8 52. f7+ Bxf7 53. Rxf7 Rd8 54. Kh6 Rf8 55. Rxf8+ Kxf8 56. Kh7 1-0

[Event "ESTCC 50 2019"]
[Site "Mali Losinj"]
[Date "2019.09.23"]
[Round "6.16"]
[White "Lyons, Brendan"]
[Black "Ledger, Stephen C"]
[Result "1/2-1/2"]
[ECO "A04"]
[WhiteElo "1971"]
[BlackElo "2000"]
[Annotator "NA"]
[PlyCount "69"]
[EventDate "2019.09.18"]
[EventType "team-tourn"]
[EventCountry "CRO"]
[SourceTitle "playchess.com"]
[Source "ChessBase"]
[SourceQuality "1"]
[WhiteTeam "Ireland"]
[BlackTeam "England"]
[WhiteTeamCountry "IRL"]
[BlackTeamCountry "ENG"]
[TimeControl "40/5400+30:1800+30"]

1. e4 c5 2. Nf3 Nc6 3. d3 g6 4. g3 Bg7 5. Bg2 d6 6. O-O e5 7. c3 Nge7 8. a3 O-O 9. b4 h6 10. Nbd2 Be6 11. Nb3 b6 12. Bb2 Rc8 13. b5 Nb8 14. Nfd2 Qd7 15. a4 f5 16. f4 exf4 17. gxf4 fxe4 18. dxe4 d5 19. Nc1 Rcd8 20. Qe1 d4 21. c4 Nc8 22. Nd3 Nd6 23. Rc1 Bh3 24. Qg3 Bxg2 25. Qxg2 Qe6 26. Rf3 Kh7 27. Rg3 Rf7 28. Rh3 Nd7 29. Nf3 Kg8 30. Nd2 Nf8 31. e5 Nf5 32. Ne4 Ne3 33. Qg3 Nf5 34. Qg2 Ne3 35. Qg3 1/2-1/2